 Dungeon Crawl Stone Soup version 0.29-a0-323-g050149af67 (webtiles) character file.

Game seed: 5386828515643420987

134 Jortsu the Skirmisher (level 4, -6/35 HPs)
             Began as a Demonspawn Fighter on Apr 12, 2022.
             Was a Follower of Fedhas.
             Splashed by a jelly's acid (7 damage)
             ... on level 3 of the Dungeon.
             The game lasted 00:03:30 (2531 turns).

Jortsu the Skirmisher (Demonspawn Fighter)          Turns: 2531, Time: 00:03:31

Health: -6/35      AC:  6    Str: 18    XL:     4   Next: 95%
Magic:  4/4        EV:  6    Int:  9    God:    Fedhas [*.....]
Gold:   200        SH: 10    Dex: 13    Spells: 3/3 levels left

rFire   . . .      SeeInvis +   b - +0 broad axe (freeze)
rCold   . . .      Faith    .   c - +0 buckler
rNeg    . . .      Spirit   .   k - +0 chain mail
rPois   .          Reflect  .   f - +0 helmet
rElec   .          Harm     .   (no cloak)
rCorr   .          Rampage  .   (no gloves)
Will    .....                   (no boots)
Stlth   ..........              l - amulet of the acrobat
HPRegen 0.11/turn               j - ring of see invisible
MPRegen 0.09/turn               h - +4 ring of protection

@: corroded
A: large bone plates 2
a: Renounce Religion


You were on level 3 of the Dungeon.
You worshipped Fedhas.
Fedhas was aware of your devotion.
You visited 1 branch of the dungeon, and saw 3 of its levels.

You collected 200 gold pieces.

Inventory:

Hand Weapons
 a - a +0 vorpal war axe
 b - a +0 broad axe of freezing (weapon)
Armour
 c - a +0 buckler (worn)
 f - a +0 helmet (worn)
 k - a +0 chain mail (worn)
Jewellery
 h - a +4 ring of protection (right hand)
 j - a ring of see invisible (left hand)
 l - an amulet of the acrobat (around neck)
Scrolls
 i - a scroll of vulnerability
Potions
 d - a potion of might
 e - a potion of brilliance {unknown}
 g - 4 potions of curing {unknown}
 m - a potion of attraction {unknown}
 n - a potion of lignification {unknown}


   Skills:
 + Level 3.5 Fighting
 + Level 3.4 Axes
 + Level 3.4 Armour
 + Level 0.3 Dodging
 + Level 3.0 Shields


You had 3 spell levels left.
You didn't know any spells.
Your spell library contained the following spells:

 Spells                   Type           Power      Damage    Failure   Level
 Blink                    Tloc           0%         N/A       100%        2
 Confusing Touch          Hex            0%         N/A       100%        3
 Lesser Beckoning         Tloc           0%         N/A       100%        3
 Airstrike                Air            0%         N/A       100%        4
 Summon Lightning Spire   Summ/Air       0%         N/A       100%        4
 Lightning Bolt           Conj/Air       0%         1d11      100%        5
 Manifold Assault         Tloc           0%         N/A       100%        5
 Yara's Violent Unravell  Hex/Tmut       0%         3d3       100%        5
 Enfeeble                 Hex            0%         N/A       100%        7


Dungeon Overview and Level Annotations

Branches:
Dungeon (3/15)

Altars:
Fedhas
Kikubaaqudgha
Sif Muna
Vehumet

Shops:
D:2 =


Innate Abilities, Weirdness & Mutations

You are mostly covered in large bone plates. (SH +6)


Message History

The orc hits you with a +1 war axe of flaming.
The orc burns you.
You closely miss the orc. The orc barely misses you.
You hit the orc. You freeze the orc.
The orc is severely wounded.
You block the orc's attack.
The orc hits you with a +1 war axe of flaming!
The orc burns you.
You slash the orc! You freeze the orc.
You kill the orc!
Fedhas appreciates your contribution to the ecosystem.
You block the adder's attack.
You miss the adder.
The adder bites you but does no damage. x2
You miss the adder. You block the adder's attack.
The adder bites you but does no damage.
You completely miss the adder. The adder barely misses you.
The adder bites you.
You are poisoned.
The adder poisons you!
You closely miss the adder.
You feel sick. The adder bites you but does no damage.
You block the adder's attack.
You slash the adder!
The adder seems to slow down.
You freeze the adder.
The adder is almost dead.
You feel sick. You block the adder's attack.
You closely miss the adder.
The adder is almost dead.
You feel sick. The adder bites you but does no damage.
You hit the adder.
The adder seems to slow down.
You freeze the adder.
You kill the adder!
Fedhas appreciates your contribution to the ecosystem.
You feel sick.
You are no longer poisoned.
Your Shields skill increases to level 3!
You hit the jelly but do no damage. The acid corrodes you!
Your hands burn!
* * * LOW HITPOINT WARNING * * *
The jelly hits you.
* * * LOW HITPOINT WARNING * * *
The acid corrodes you!
You are splashed with acid!
You die...
Fedhas appreciates your contribution to the ecosystem.

..........#....##.# #
#######..(..#.##.##.# #
...............#.##.######
#####.....#..#.#........
#.....########.#........
#.....# ._.##.#.######.
#.....# #.:.8#.#.# #.
##.....##8...####.######.
.........@##.# #........
#.#######J#..#...#.###.##.
...........⌠...._#.###.##.
####..#....#...#........
........#.# #.###.###
#.#..###...####.#...... ..
#.. ...8#...#.#.### # #.
._.######.#.# . #### #.#.#


You could see a jelly.

Vanquished Creatures
  Terence (D:2)
  Robin (D:2)
  4 adders
  A dart slug (D:2)
  An orc (D:3)
  8 ball pythons
  4 endoplasms (D:1)
  4 giant cockroaches
  10 goblins
  5 hobgoblins
  4 jackals (D:1)
  3 kobolds (D:1)
  A quokka (D:2)
  A bat (D:1)
  4 frilled lizards
  3 rats
55 creatures vanquished.

Notes
Turn   | Place    | Note
-------+----------+-------------------------------------------
     0 | D:1      | Jortsu the Demonspawn Fighter began the quest for the Orb.
     0 | D:1      | Reached XP level 1. HP: 18/18 MP: 1/1
    92 | D:1      | Gained mutation: You are partially covered in large bone
                  | plates. (SH +4) [demonic ancestry]
    92 | D:1      | Reached XP level 2. HP: 15/24 MP: 2/2
   584 | D:1      | Gained mutation: You are mostly covered in large bone
                  | plates. (SH +6) [demonic ancestry]
   584 | D:1      | Reached XP level 3. HP: 26/29 MP: 3/3
   856 | D:1      | Identified a scroll of acquirement
   856 | D:1      | Acquired a +0 broad axe of freezing
  1169 | D:2      | Noticed Robin
  1179 | D:2      | Killed Robin
  1273 | D:2      | Noticed Terence
  1282 | D:2      | Killed Terence
  1283 | D:2      | Reached XP level 4. HP: 13/35 MP: 4/4
  1876 | D:2      | Found Donoleac's Jewellery Shoppe.
  2070 | D:2      | Found a faded altar of an unknown god.
  2083 | D:2      | Prayed at the altar of an unknown god.
  2083 | D:2      | Became a worshipper of Fedhas Madash
  2083 | D:2      | Reached * piety under Fedhas
  2515 | D:3      | Found a radiant altar of Vehumet.
  2515 | D:3      | Found an ancient bone altar of Kikubaaqudgha.
  2516 | D:3      | Found a shimmering blue altar of Sif Muna.
  2531 | D:3      | HP: 1/35 [jelly (2)]
  2531 | D:3      | Splashed by a jelly's acid

Illustrated notes

Levels and vault maps discovered:
D:1:      zaba_arrival_water, layout_basic
D:2:      layout_loops_corners, basic_ecumenical_altar, serial_shops,
          nicolae_square_shop, minmay_hexomino_f4, uniq_robin, uniq_terence
D:3:      layout_basic, grunt_temple_overflow_magic_moments,
          minmay_misc_feat_square

Skill      XL: |  1  2  3  4 |
---------------+-------------+-----
Axes           | 2 3 |  3.4
Armour         | 3 |  3.4
Shields        | 3 |  3.0
Fighting       | |  3.5
Dodging        | |  0.3

Action                   |  1- 3 |  4- 6 || total
-------------------------+-------+-------++-------
Melee: War axe           |    69 |       ||    69
       Broad axe         |    36 |    48 ||    84
  Use: Scroll            |     6 |       ||     6
Armor: Scale mail        |    29 |       ||    29
       Chain mail        |    34 |    26 ||    60
Dodge: Dodged            |    38 |     8 ||    46
Block: Buckler           |    57 |    27 ||    84

Table legend: (Time is in decaauts)
 A = Elapsed time spent in this place.
 B = Non-inter-level travel time spent in this place.
 C = Inter-level travel time spent in this place.
 D = Time resting spent in this place.
 E = Time spent auto-exploring this place.
 F = Levels seen in this place.
 G = Mean time per level.
                   A        B        C        D        E       F      G
               +--------+--------+--------+--------+--------+-----+--------+
         Total |   2615 |   2544 |     71 |    242 |   1852 |   3 |  871.7 |
       Dungeon |   2615 |   2544 |     71 |    242 |   1852 |   3 |  871.7 |
               +--------+--------+--------+--------+--------+-----+--------+

Top non-repeatable levels by time:
     D:2: 1512 daAuts
     D:1: 944 daAuts
     D:3: 158 daAuts
